 Dungeon Crawl Stone Soup version 0.21.1-1-g345015fe64 (webtiles) character file.

42 Ivernyr the Shield-Bearer (level 3, 0/29 HPs)
             Began as a Human Fighter on Apr 20, 2018.
             Slain by Crazy Yiuf
             ... wielding a +3 quarterstaff of chaos
              (1 damage)
             ... on level 2 of the Dungeon.
             The game lasted 00:06:13 (1870 turns).

Ivernyr the Shield-Bearer (Human Fighter)           Turns: 1870, Time: 00:06:14

Health: 0/29       AC:  8    Str: 16    XL:     3   Next: 77%
Magic:  3/3        EV:  7    Int:  8    God:
Gold:   76         SH:  9    Dex: 13    Spells: 2/2 levels left

rFire    + . .     SeeInvis .   a - +0 long sword
rCold    . . .     Gourm    .   c - +0 shield
rNeg     . . .     Faith    .   b - +0 scale mail
rPois    .         Spirit   .   o - +0 helmet (curse)
rElec    .         Reflect  .   (no cloak)
rCorr    .         Harm     .   (no gloves)
MR       .....                  (no boots)
Stlth    ..........             (no amulet)
HPRegen  0.09/turn              j - ring of protection from fire
MPRegen  0.08/turn              (no ring)

@: lethally poisoned (0 -> -12)
A: no striking features
a: no special abilities


You were on level 2 of the Dungeon.
You were not hungry.

You visited 1 branch of the dungeon, and saw 2 of its levels.

You collected 76 gold pieces.

Inventory:

Hand Weapons
 a - a +0 long sword (weapon)
Missiles
 e - 4 tomahawks (quivered)
Armour
 b - a +0 scale mail (worn)
 c - a +0 shield (worn)
 o - a cursed +0 helmet (worn)
Jewellery
 j - a ring of protection from fire (left hand)
Wands
 l - a wand of paralysis (12)
Scrolls
 g - a scroll of noise {unknown}
 i - a scroll of remove curse {unknown}
 k - 3 scrolls of identify {unknown}
 m - 4 scrolls of teleportation {unknown}
 r - a scroll of magic mapping {unknown}
Potions
 d - a potion of might
 h - a potion of heal wounds {unknown}
 n - 2 potions of curing {unknown}
 p - a potion of degeneration {unknown}
 q - a potion of agility {unknown}
Comestibles
 f - 2 rations


   Skills:
 + Level 3.3 Fighting
 + Level 2.4 Long Blades
 + Level 3.3 Armour
 * Level 3.6 Shields


You had 2 spell levels left.
You didn't know any spells.

Dungeon Overview and Level Annotations

Branches:
Dungeon (2/15)

Altars:

Annotations:
D:2 Crazy Yiuf


Message History

Crazy Yiuf is heavily wounded.
* * * LOW HITPOINT WARNING * * *
You feel sick. You block Crazy Yiuf's attack.
Crazy Yiuf hits you but does no damage.
You hit Crazy Yiuf.
Crazy Yiuf is severely wounded.
* * * LOW HITPOINT WARNING * * *
You feel sick. You block Crazy Yiuf's attack.
You closely miss Crazy Yiuf.
Crazy Yiuf is severely wounded.
* * * LOW HITPOINT WARNING * * *
You feel sick. Crazy Yiuf hits you but does no damage.
You are more poisoned.
Unknown command.
You hit Crazy Yiuf.
Crazy Yiuf is severely wounded.
* * * LOW HITPOINT WARNING * * *
You feel sick. You block Crazy Yiuf's attack.
Crazy Yiuf hits you with a quarterstaff of chaos.
You die...

#.###.######...#####.###.###....
#..........#...# #.# #.# #....
#..##.....###### ### #.###.#..
#..##.....# #.....[..
#..##.....# ##### #####....
#.)###..### #)..# #####
#..###..### #...# ##.........#
#.g.# #..#.....### #@#
#.##.##..# #.## ..(#.##..###
##.# ...(.##....# #.##
...####.##.# ##.# #####
#.#####.#..# ##.## #....
#..........# ##...# #)###
#######....# #....# #.#
#######....# ##..## #.#


You could see Crazy Yiuf.

Vanquished Creatures
  An adder (D:2)
  A worm (D:2)
  A dart slug (D:1)
  A leopard gecko (D:1)
  5 giant cockroaches (D:1)
  2 goblins (D:1)
  3 hobgoblins
  A quokka (D:2)
  3 bats
  A frilled lizard (D:1)
  2 kobolds (D:2)
  5 rats
26 creatures vanquished.

Notes
Turn   | Place    | Note
-------+----------+-------------------------------------------
     0 | D:1      | Ivernyr the Human Fighter began the quest for the Orb.
     0 | D:1      | Reached XP level 1. HP: 18/18 MP: 1/1
    12 | D:1      | Noticed a minotaur zombie
    16 | D:1      | Noticed a centaur
    18 | D:1      | Noticed a ghoul
    89 | D:1      | Reached XP level 2. HP: 23/24 MP: 2/2
   916 | D:1      | Reached XP level 3. HP: 29/29 MP: 3/3
  1858 | D:2      | Found a runed door.
  1862 | D:2      | Noticed Crazy Yiuf
  1870 | D:2      | HP: 1/29 [poisoned by Crazy Yiuf]
  1870 | D:2      | Slain by Crazy Yiuf

Action                   || total
-------------------------++-------
Melee: Long sword        ||    96
Throw: Tomahawk          ||     1
  Eat: Ration            ||     1
Armor: Scale mail        ||    35
Dodge: Dodged            ||    19
Block: Shield            ||    53
       Rpst.: Long sword ||     5
